[Event "*** Titled Tuesday 3|2 Blitz"]
[Site "Chess.com"]
[Date "2016.06.07"]
[Round "5"]
[White "E-Shaposhnikov"]
[Black "MinhGTrAn"]
[Result "1-0"]
[WhiteElo "2590"]
[BlackElo "2622"]
[TimeControl "180+2"]
[EndTime "12:01:29 PDT"]
[Termination "E-Shaposhnikov won by resignation"]

1. e4 c5 2. Nf3 d6 3. Bc4 Nc6 4. c3 Nf6 5. d3 Bg4 6. Qb3 e6 7. Qxb7 Rc8 8. Bb5 Qd7 9. Qxd7+ Nxd7 10. Nbd2 Be7 11. O-O O-O 12. h3 Bh5 13. Re1 Rfd8 14. b3 Rc7 15. Bb2 Rb8 16. a4 Bxf3 17. Nxf3 Rb6 18.
Nd2 a6 19. Bxc6 Rcxc6 20. f4 Bf6 21. Kf1 Bh4 22. Re3 Rb8 23. Rf3 Bf6 24. g4 h6 25.
Ke2 g5 26. Raf1 gxf4 27. Rxf4 Kg7 28. Kd1 Kg6 29. Kc2 Rf8 30. Nc4 Bg5 31. R4f2 Bh4 32. Rf3 f6 33. Bc1 Ne5 34. Nxe5+ dxe5 35. Be3 Bg5 36.
Bg1 Bf4 37. Be3 Bg5 38. Bf2 Bf4 39. Bh4 Rc7 40. Rb1 Rb8 41. Rff1 Rbc8 42. Bf2 Rd8 43. b4 cxb4 44. Rxb4 Rcd7 45. Rd1 Kf7 46. Rb6 Ra8 47.
Rdb1 Kg6 48. Rxe6 1-0

[Event "*** Titled Tuesday 3|2 Blitz"]
[Site "Chess.com"]
[Date "2016.06.07"]
[Round "5"]
[White "Keaton87"]
[Black "cassoulet"]
[Result "1-0"]
[WhiteElo "2477"]
[BlackElo "2329"]
[TimeControl "180+2"]
[EndTime "12:01:30 PDT"]
[Termination "Keaton87 won by checkmate"]

1. d4 d5 2. Bf4 Nf6 3. e3 g6 4. Nf3 Bg7 5. Be2 O-O 6. O-O c5 7. c3 Ne4 8. Nbd2 Nc6 9. Nxe4 dxe4 10. Nd2 cxd4 11. exd4 Qd5 12. Bc4 Qf5 13. Bg3 e5 14. Bd5 exd4 15. Bxe4 Qb5 16. Rb1 dxc3 17. bxc3 Qc5 18.
c4 Rd8 19. Bd5 Bf5 20. Rxb7 Ne7 21. Nb3 Qa3 22. Bc7 Rd7 23. Ba5 Nxd5 24. Rxd7 Nf4 25.
Rd8+ Rxd8 26. Qxd8+ Bf8 27. c5 Qxa2 28. Nd4 Be4 29. Re1 Nd3 30. Rf1 Nxc5 31. h4 Qc4 32.
Re1 Bd5 33. Bc7 Qxd4 34. Re8 Ne6 35. Qe7 Qe4 36. f3 Qb1+ 37. Kh2 Kg7 38. Rxf8 Nxf8 39. Be5+ Kg8 40. Qf6 Ne6 41. Qh8# 1-0

[Event "*** Titled Tuesday 3|2 Blitz"]
[Site "Chess.com"]
[Date "2016.06.07"]
[Round "5"]
[White "lukas_111111"]
[Black "Masterbeaterr"]
[Result "1-0"]
[WhiteElo "2230"]
[BlackElo "2328"]
[TimeControl "180+2"]
[EndTime "12:01:32 PDT"]
[Termination "lukas_111111 won by resignation"]

1. e4 e5 2. Nf3 Nc6 3. Bc4 Nf6 4.
Ng5 d5 5. exd5 Na5 6. Bb5+ c6 7.
dxc6 bxc6 8. Be2 h6 9. Nh3 Bc5 10. O-O O-O 11. d3 Bxh3 12. gxh3 Nd5 13. c3 Bb6 14. Bf3 Qh4 15. Bg2 Rfe8 16. Na3 Re6 17. b4 Nxc3 18. Qg4 Qxg4 19. hxg4 Nb7 20. Re1 Bd4 21. Nc2 Rae8 22. Bd2 Nd5 23. Nxd4 exd4 24. b5 Nc5 25. bxc6 Nc7 26. Ba5 Nb5 27. Rxe6 fxe6 28. a4 Nc3 29. c7 Nb3 30. Bc6 Rc8 31. Bd7 Rxc7 32. Bxe6+ Kf8 33. Bxb3 Rc6 34. Bb4+ Ke8 35. Re1+ Kd8 36. Re6 Rxe6 37. Bxe6 Nxa4 38. Bf8 Nb2 39.
Bxg7 Nxd3 40. Bxd4 Nf4 41. Bc4 Ke7 42. Bxa7 Kf6 43.
Bd4+ Kg6 44. Be3 1-0

[Event "*** Titled Tuesday 3|2 Blitz"]
[Site "Chess.com"]
[Date "2016.06.07"]
[Round "5"]
[White "Bentery"]
[Black "vovkcoach"]
[Result "0-1"]
[WhiteElo "2429"]
[BlackElo "2507"]
[TimeControl "180+2"]
[EndTime "12:01:34 PDT"]
[Termination "vovkcoach won by checkmate"]

1. Nf3 Nf6 2. g3 g6 3. b3 Bg7 4. Bb2 O-O 5. Bg2 d6 6. d4 c5 7. O-O cxd4 8. Nxd4 d5 9. c4 dxc4 10. Na3 cxb3 11. Qxb3 Nc6 12. Rfd1 Nxd4 13. Bxd4 Qa5 14. Nc4 Qh5 15. Ne5 Ng4 16. Nxg4 Bxg4 17. Bxg7 Kxg7 18.
Qxb7 e5 19. h3 Bxh3 20. Bf3 Bg4 21. Rd7 Bxf3 22. exf3 Rad8 23. Kg2 Qf5 24. Rxd8 Rxd8 25. Qxa7 Rd3 26. Qb7 Ra3 27. Qe4 Qxe4 28. fxe4 h5 29. Kh2 g5 30. Kg2 Kg6 31. Kf1 f5 32. exf5+ Kxf5 33. Kg2 e4 34. Kh2 Kg4 35. Kg2 h4 36. gxh4 gxh4 37.
Re1 h3+ 38. Kh2 Kf3 39. Re3+ Rxe3 40. fxe3 Kxe3 41. a4 Kf2 42. a5 e3 43. a6 e2 44.
a7 e1=Q 45. a8=Q Qg1+ 46. Kxh3 Qg3# 0-1

[Event "*** Titled Tuesday 3|2 Blitz"]
[Site "Chess.com"]
[Date "2016.06.07"]
[Round "5"]
[White "howitzer14"]
[Black "pKiLz5Rn9b"]
[Result "1-0"]
[WhiteElo "2716"]
[BlackElo "2473"]
[TimeControl "180+2"]
[EndTime "12:01:35 PDT"]
[Termination "howitzer14 won by resignation"]

1. e4 e6 2. d4 d5 3. Nd2 Nf6 4.
e5 Nfd7 5. Bd3 c5 6. c3 Nc6 7.
Ne2 cxd4 8. cxd4 f6 9. exf6 Nxf6 10. O-O Bd6 11. Nf3 Qc7 12. h3 O-O 13. Be3 Bd7 14.
Re1 Rae8 15. Rc1 Qb8 16. a3 Re7 17. b4 a6 18. Bb1 Be8 19. Ng3 h6 20. Ne5 Nxe5 21.
dxe5 Bxe5 22. Bc5 Bd6 23. Nf5 Bxc5 24. bxc5 Rd7 25. Rxe6 Ne4 26. Qg4 h5 27. Qf3 Rdf7 28.
Bxe4 dxe4 29. Qb3 Qf4 30. Ne7+ Kh7 31. Rf1 Qc7 32. Ng6 Rg8 33. Qd1 Rf5 34. Ne7 Bd7 35. Nxf5 1-0

[Event "*** Titled Tuesday 3|2 Blitz"]
[Site "Chess.com"]
[Date "2016.06.07"]
[Round "5"]
[White "Fandorine"]
[Black "dabee"]
[Result "1-0"]
[WhiteElo "2585"]
[BlackElo "2424"]
[TimeControl "180+2"]
[EndTime "12:01:44 PDT"]
[Termination "Fandorine won by resignation"]

1. e4 e5 2. Nf3 Nc6 3. d4 exd4 4. Nxd4 Nf6 5. Nxc6 bxc6 6. Qe2 Qe7 7. Nc3 d6 8. g3 a5 9. Bg2 Ba6 10. Qf3 Nd7 11.
Bf4 Ne5 12. Bxe5 Qxe5 13. Qe3 Rb8 14. f4 Qh5 15. Qa7 Rb6 16. e5 d5 17. a3 Bc5 18. Qa8+ Ke7 19. Qxh8 Rxb2 20. Qxg7 Bd4 21. Qf6+ Kf8 22. Qh8+ Ke7 23. Qf6+ Kf8 24. Qd8+ Kg7 25. Qf6+ Kf8 26. Qd8+ Kg7 27. Qg5+ Qxg5 28. fxg5 Bxc3+ 29. Kd1 Bxe5 30. Bf1 Bb7 31. Bd3 c5 32. Re1 Bc3 33.
Re7 c4 34. Rxc7 cxd3 35. Rxc3 1-0

[Event "*** Titled Tuesday 3|2 Blitz"]
[Site "Chess.com"]
[Date "2016.06.07"]
[Round "5"]
[White "ItalianMachine"]
[Black "GM_Levan_Pantsulaia"]
[Result "1-0"]
[WhiteElo "2337"]
[BlackElo "2459"]
[TimeControl "180+2"]
[EndTime "12:01:45 PDT"]
[Termination "ItalianMachine won by checkmate"]

1. e4 c5 2. Nf3 a6 3. c3 d5 4.
exd5 Qxd5 5. d4 Nf6 6. h3 Bf5 7. Be3 e6 8. Nbd2 cxd4 9. Nxd4 Bg6 10. Qf3 Nbd7 11. Bc4 Qxf3 12. N2xf3 Rc8 13. Be2 Nd5 14. Bd2 Nc5 15. O-O Na4 16. c4 Nf6 17. b3 Nc5 18. Bc3 Bd6 19. Rad1 Nfe4 20. Ba1 Ke7 21. Nh4 Rhd8 22.
Nxg6+ hxg6 23. Bf3 Ng5 24. Be2 Bb8 25. Rfe1 Rd7 26. h4 Nh7 27. b4 Na4 28. c5 Nf6 29. Bc4 Nd5 30. Nxe6 Nxb4 31. Nf8+ Kxf8 32. Rxd7 Kg8 33.
Rxf7 Kh7 34. Rxg7+ Kh6 35. Re6 Rc6 36. Ree7 Kh5 37. g3 Kg4 38. Be2+ Kh3 39. Re4 Bxg3 40. Bf1# 1-0

[Event "*** Titled Tuesday 3|2 Blitz"]
[Site "Chess.com"]
[Date "2016.06.07"]
[Round "5"]
[White "JSPrepz"]
[Black "VMikhalevski"]
[Result "1/2-1/2"]
[WhiteElo "2384"]
[BlackElo "2424"]
[TimeControl "180+2"]
[EndTime "12:01:51 PDT"]
[Termination "Game drawn - insufficient material"]

1. c4 e5 2. g3 c6 3. Bg2 d5 4. cxd5 cxd5 5. Qb3 Nf6 6. Nc3 e4 7. d3 Nc6 8. dxe4 dxe4 9. Bg5 Bb4 10. Nh3 Nd4 11.
Qd1 h6 12. Bxf6 Qxf6 13. O-O Bxh3 14. Bxh3 Qe5 15. a3 Bc5 16. Qa4+ b5 17. Nxb5 Nxe2+ 18.
Kg2 O-O 19. Rae1 Nd4 20. Nxd4 Bxd4 21. Bf5 e3 22. fxe3 Bxb2 23. Bb1 Rad8 24. Qc2 g6 25. Ba2 Kg7 26. Re2 Bc3 27. Ref2 Rd7 28. Bb1 Rd6 29. Ba2 f5 30. Rc1 Rc8 31. e4 Qxe4+ 32. Qxe4 fxe4 33. Rf7+ Kh8 34. Bb3 Rd2+ 35. Kh3 e3 36. Rxc3 Rxc3 37. Rf8+ Kg7 38. Rf7+ Kg8 39. Be6 Rd6 40. Ba2 Rxa3 41. Rxa7+ Rxa2 42. Rxa2 Re6 43. Re2 Kf7 44. Kg4 Kf6 45.
Kf3 Kf5 46. Rxe3 Rxe3+ 47. Kxe3 Kg4 48. Kf2 Kh3 49. Kg1 g5 50. Kh1 h5 51. Kg1 h4 52.
gxh4 Kxh4 53. Kg2 g4 54. Kf2 Kh3 55. Kg1 g3 56. hxg3 Kxg3 1/2-1/2

[Event "*** Titled Tuesday 3|2 Blitz"]
[Site "Chess.com"]
[Date "2016.06.07"]
[Round "5"]
[White "GMBenjaminBok"]
[Black "amaidel"]
[Result "0-1"]
[WhiteElo "2590"]
[BlackElo "2466"]
[TimeControl "180+2"]
[EndTime "12:01:53 PDT"]
[Termination "amaidel won on time"]

1. e4 e5 2. Nf3 Nc6 3. Bb5 a6 4. Ba4 Nf6 5. O-O Nxe4 6. d4 b5 7. Bb3 d5 8. dxe5 Be6 9. Qe2 Nc5 10. Rd1 Nxb3 11. axb3 Qc8 12. Nc3 d4 13. Nxd4 Nxd4 14. Rxd4 Be7 15. Be3 O-O 16. Rad1 c5 17. Nd5 Bd8 18.
R4d2 Qc6 19. c4 bxc4 20. Qxc4 Rc8 21. Rc1 Qb7 22. Bxc5 Bb6 23. b4 Rfd8 24. Rcd1 Bxc5 25. Nf6+ gxf6 26. Rxd8+ Bf8 27. Qf4 Rxd8 28. Rxd8 Qe7 29.
Qxf6 Qxb4 30. Qg5+ Kh8 31. h3 h6 32. Qxh6+ Kg8 33. Qg5+ Kh7 34. Qf6 Bg7 35. Qh4+ Qxh4 0-1

[Event "*** Titled Tuesday 3|2 Blitz"]
[Site "Chess.com"]
[Date "2016.06.07"]
[Round "5"]
[White "GMHess"]
[Black "Noukii"]
[Result "1-0"]
[WhiteElo "2580"]
[BlackElo "2642"]
[TimeControl "180+2"]
[EndTime "12:01:58 PDT"]
[Termination "GMHess won by resignation"]

1. c4 Nf6 2. Nc3 e5 3. Nf3 Nc6 4. e3 Bb4 5. Qc2 O-O 6. Nd5 Re8 7. Qf5 d6 8. Nxf6+ Qxf6 9. Qxf6 gxf6 10. a3 Bc5 11. b4 Bb6 12. Bb2 a5 13. b5 Ne7 14. g4 a4 15. Rg1 c6 16. d4 Ba5+ 17. Kd1 cxb5 18. cxb5 Be6 19. Bd3 Bb3+ 20. Ke2 Ng6 21.
Nd2 Be6 22. Ne4 Red8 23. d5 Bc8 24. Nxf6+ Kg7 25. Nh5+ Kf8 26. Rac1 Bd7 27. Nf6 Ke7 28. Nxd7 Rxd7 29. Bf5 Rc7 30. Rxc7+ Bxc7 31. Rc1 Ba5 32. Rc4 Bb6 33. Bc2 Ra5 34. Rxa4 Rxb5 35. Rb4 Rxb4 36. axb4 h6 37. Bxg6 fxg6 38. f4 e4 39. Bd4 Bd8 40. Kf2 Kf7 41. Kg3 Be7 42. b5 Bd8 43. Kf2 Ba5 44.
Ke2 h5 45. h3 Bb4 46. Kd1 hxg4 47. hxg4 Ke7 48. Kc2 Be1 49. Bc3 Bf2 50. Bd2 Bh4 51.
Kc3 Bf6+ 52. Kc4 Kd7 53. Bc3 Bd8 54. Kd4 1-0

[Event "*** Titled Tuesday 3|2 Blitz"]
[Site "Chess.com"]
[Date "2016.06.07"]
[Round "5"]
[White "ChessWarrior7197"]
[Black "kpio91"]
[Result "0-1"]
[WhiteElo "2515"]
[BlackElo "2527"]
[TimeControl "180+2"]
[EndTime "12:01:58 PDT"]
[Termination "kpio91 won by resignation"]

1. d4 g6 2. Bf4 Bg7 3. Nf3 Nf6 4. e3 O-O 5. h3 d6 6. Be2 b6 7.
O-O c5 8. c3 Bb7 9. a4 a6 10.
Nbd2 Nbd7 11. Re1 Rc8 12. Bh2 Rc7 13. Qb3 Qa8 14. Bd3 Ne4 15. Nxe4 Bxe4 16. Bxe4 Qxe4 17. Nd2 Qc6 18. Bg3 Rb8 19. Qd1 b5 20. axb5 axb5 21.
Qf3 Qxf3 22. Nxf3 h6 23. Nd2 b4 24. Ra2 cxd4 25. cxd4 Rc2 26. Nb3 Nb6 27. Rc1 Rbc8 28.
Rb1 e5 29. dxe5 dxe5 30. Ra6 Nc4 31. Ra4 Rb8 32. Ra2 Rd8 33. Kh2 e4 34. Nd4 Bxd4 35.
exd4 b3 36. Ra4 Rxd4 37. Be5 Rd8 38. Bc3 Nd2 39. Rd1 Rxc3 40. bxc3 Nf3+ 41. gxf3 Rxd1 42. fxe4 b2 0-1

[Event "*** Titled Tuesday 3|2 Blitz"]
[Site "Chess.com"]
[Date "2016.06.07"]
[Round "5"]
[White "norwaytoadog"]
[Black "FearlessKing64"]
[Result "1/2-1/2"]
[WhiteElo "2037"]
[BlackElo "2074"]
[TimeControl "180+2"]
[EndTime "12:02:10 PDT"]
[Termination "Game drawn by agreement"]

1. e4 c5 2. Nf3 d6 3. Bb5+ Nd7 4.
O-O g6 5. d4 cxd4 6. Qxd4 Nf6 7. e5 dxe5 8. Nxe5 Bg7 9. Rd1 O-O 10. Nxd7 Nxd7 11. Qd2 Qb6 12. Bxd7 Rd8 13. Nc3 Rxd7 14. Qe3 Qxe3 15. Bxe3 Bxc3 16. bxc3 Rxd1+ 17. Rxd1 Be6 18. Rb1 b6 19. a4 Rc8 20. Bd4 f6 21. a5 bxa5 22. Ra1 Bf5 23. Rxa5 e5 24. Bxa7 Rxc3 25.
h3 Rxc2 26. Be3 Rc7 27. Ra8+ Kf7 28. g4 Be4 29. Rh8 g5 30. Kh2 Rd7 31. Kg3 Kg7 32. Rb8 Bg6 33. h4 gxh4+ 34. Kxh4 Rc7 35. Kg3 h5 36.
gxh5 Bxh5 37. Rb6 Bg6 38. Kf3 f5 39. Bg5 Rc3+ 40. Kg2 Rc5 41. Be7 Ra5 42. Bg5 Bf7 43. Rf6 Bd5+ 44. Kh2 Be4 45. Re6 Kf7 46. Re7+ Kg6 47.
Be3 Kh5 48. Kg3 f4+ 49. Bxf4 exf4+ 50. Kxf4 Bg6 51. Re5+ Rxe5 52. Kxe5 Kh6 1/2-1/2

[Event "*** Titled Tuesday 3|2 Blitz"]
[Site "Chess.com"]
[Date "2016.06.07"]
[Round "5"]
[White "Iball95"]
[Black "Journey_to_GrandMaster_YT"]
[Result "0-1"]
[WhiteElo "2445"]
[BlackElo "2353"]
[TimeControl "180+2"]
[EndTime "12:02:16 PDT"]
[Termination "Journey_to_GrandMaster_YT won by resignation"]

1. e4 d6 2. d4 Nf6 3. Nc3 e5 4. Nf3 Nbd7 5. Bc4 Be7 6. O-O O-O 7.
Re1 c6 8. a4 a5 9. h3 Nb6 10. Bb3 Nfd7 11. Be3 exd4 12. Nxd4 Nc5 13. f4 Nxb3 14. cxb3 d5 15. Nf3 dxe4 16. Nxe4 Nd5 17.
Kh1 Re8 18. Bd2 Qc7 19. Ne5 Be6 20. Qf3 Rad8 21. Nc4 Nb4 22. Bxb4 Bxb4 23. Nc3 Bf5 24. Rad1 h6 25. Ne3 Be6 26. Nc4 Bf5 27. Ne3 Bd3 28. Ned5 Rxe1+ 29. Rxe1 cxd5 30. Qxd3 d4 31. Rd1 Qxf4 32.
Nb5 Bc5 33. Qc4 b6 34. Rf1 Qe5 35. Qxf7+ Kh8 36. Qg6 d3 37. Nc3 d2 38. Ne4 d1=Q 39. Qf7 Qdd5 40. Ng5 Qxg5 41. Qf3 Qxf3 0-1

[Event "*** Titled Tuesday 3|2 Blitz"]
[Site "Chess.com"]
[Date "2016.06.07"]
[Round "5"]
[White "DiamondCrusher22"]
[Black "saraswathii"]
[Result "0-1"]
[WhiteElo "1840"]
[BlackElo "1967"]
[TimeControl "180+2"]
[EndTime "12:02:17 PDT"]
[Termination "saraswathii won by checkmate"]

1. e4 c5 2. Nf3 e6 3. c3 Nf6 4. e5 Nd5 5. d4 cxd4 6. cxd4 Nc6 7. a3 d6 8. Bd3 dxe5 9. dxe5 Qc7 10. O-O g6 11.
Re1 Bg7 12. Qe2 O-O 13. Nbd2 Nf4 14. Qf1 Nxd3 15. Qxd3 Nxe5 16. Nxe5 Bxe5 17. Nf3 Bg7 18. Bg5 Bd7 19. Rac1 Bc6 20. Nd4 Qd7 21. Rcd1 Bd5 22.
Qg3 Rac8 23. Qh4 Rc4 24. b3 Rc3 25. Bf6 Rfc8 26. Nf3 Rxb3 27. Ne5 Qc7 28. Bxg7 Kxg7 29. Ng4 Qf4 30. g3 Qf3 31. Rxd5 exd5 32. Qh6+ Kg8 33.
Ne5 Qf5 34. Nd3 Rxd3 35. Qh4 Rdc3 36. Qd4 Rc1 37. Kf1 Rxe1+ 38. Kxe1 Rc1+ 39. Kd2 Qc2+ 40. Ke3 Re1+ 41. Kf4 Re4+ 42. Kf3 Rxd4 43. Kg2 Qe4+ 44. Kh3 Rd2 45. f3 Qxf3 46. a4 Qh5# 0-1

[Event "*** Titled Tuesday 3|2 Blitz"]
[Site "Chess.com"]
[Date "2016.06.07"]
[Round "5"]
[White "KamilPlichta"]
[Black "TomsKantans"]
[Result "1-0"]
[WhiteElo "2370"]
[BlackElo "2445"]
[TimeControl "180+2"]
[EndTime "12:02:34 PDT"]
[Termination "KamilPlichta won by resignation"]

1. c4 e5 2. g3 Nc6 3. Bg2 Bc5 4. Nc3 d6 5. e3 a6 6. Nge2 Ba7 7. a3 h5 8. h3 h4 9. g4 f5 10. gxf5 Bxf5 11.
Nd5 Qd7 12. d3 Nf6 13. b4 O-O-O 14. b5 axb5 15. cxb5 Ne7 16. b6 cxb6 17. Nxe7+ Qxe7 18. Nc3 Bd7 19. Rb1 Bc6 20. Be4 d5 21. Bf5+ Kb8 22.
Nb5 Rh5 23. Bg4 Nxg4 24. Qxg4 Rg5 25. Qa4 Bxb5 26. Rxb5 Rg6 27. Bd2 Rc6 28. Rg1 g5 29. Qb3 Rc5 30. a4 Qf6 31. Qd1 e4 32. d4 Rc4 33. Bb4 Rdc8 34. Bd2 Qf5 35. Qg4 Qf7 36.
Qxg5 Qf3 37. Rb1 Rc2 38. Qg4 Qf7 39. Qxh4 Qd7 40. Qf4+ Ka8 41. h4 Bb8 42. Qf6 Qxa4 43. Rd1 b5 44. h5 b4 45. h6 b3 46. h7 b2 47. h8=Q Rxh8 48. Qxh8 Rxd2 49. Kxd2 1-0

[Event "*** Titled Tuesday 3|2 Blitz"]
[Site "Chess.com"]
[Date "2016.06.07"]
[Round "5"]
[White "iaraldinho"]
[Black "HansCoolNiemann"]
[Result "0-1"]
[WhiteElo "2450"]
[BlackElo "2310"]
[TimeControl "180+2"]
[EndTime "12:02:36 PDT"]
[Termination "HansCoolNiemann won by resignation"]

1. e4 e6 2. d4 d5 3. Nc3 Nf6 4. Bg5 dxe4 5. Nxe4 Be7 6. Bxf6 gxf6 7. Nf3 f5 8. Ng3 c5 9. Bd3 Nc6 10. dxc5 Bxc5 11.
Qe2 Be7 12. O-O-O Qa5 13. Kb1 Bd7 14. Rhe1 O-O-O 15. Nxf5 exf5 16. Bc4 Rhf8 17. Rd5 Qc7 18. Nd4 Nxd4 19. Qxe7 Nc6 20. Qf6 Rfe8 21. Red1 Be6 22. Rxd8+ Nxd8 23. Bd3 Re7 24. Bxf5 Rd7 25. Re1 Qf4 26.
Qc3+ Qc7 27. Bxe6 fxe6 28. Qe3 b6 29. h4 Qd6 30. a3 Rf7 31. f3 Qc5 32. Qe4 Qc6 33.
Qxc6+ Nxc6 34. Rxe6 Kc7 35. c3 Ne7 36. h5 Nf5 37.
Kc2 Nh4 38. g4 Nxf3 39. Kb3 Kd7 40. Re3 Kd6 41. a4 Nd2+ 42. Kb4 Kc6 43. Re6+ Kb7 44. g5 a5+ 45. Ka3 Rg7 46. Re5 Nf3 47. h6 Rxg5 48. Re7+ Ka6 49. Rxh7 Rh5 50. Rh8 Ng5 51. b4 axb4+ 52.
cxb4 Rh3+ 53. Kb2 Nf7 54. b5+ Ka5 55. Ra8+ Kb4 56. Ra6 Rxh6 57. Kc2 Rd6 58. Ra7 Ne5 59. Re7 Nc4 60. Re4 Rd2+ 61. Kc1 Ra2 0-1

[Event "*** Titled Tuesday 3|2 Blitz"]
[Site "Chess.com"]
[Date "2016.06.07"]
[Round "5"]
[White "Dlugy"]
[Black "Lukianoo"]
[Result "0-1"]
[WhiteElo "2596"]
[BlackElo "2620"]
[TimeControl "180+2"]
[EndTime "12:02:41 PDT"]
[Termination "Lukianoo won by resignation"]

1. d4 Nf6 2. Bf4 e6 3. e3 b6 4. Nf3 Bb7 5. Bd3 Be7 6. h3 O-O 7. O-O c5 8. c3 Nc6 9. Nbd2 d6 10. Bh2 h6 11. Re1 Qc7 12. a3 Rac8 13. e4 cxd4 14. cxd4 Qd7 15. Rc1 Rc7 16. Rc3 Rfc8 17. Qe2 Na5 18. Rxc7 Rxc7 19. Qe3 Nc6 20. Bg3 Nh5 21. Bh2 Nf6 22. Qe2 Na5 23. b4 Nc6 24. Bb5 Rc8 25.
Bg3 Qd8 26. Bh4 d5 27. e5 Ne4 28. Bxe7 Nxe7 29. Bd3 Nc3 30. Qe3 Qd7 31. Nb1 Ne4 32. Nfd2 Nf5 33. Qf4 Nxd4 34. Nxe4 dxe4 35. Bxe4 Bxe4 36.
Qxe4 Nf5 37. Qe2 Qd5 38. Rd1 Qb3 39. Kh2 a5 40. bxa5 bxa5 41. Rd7 Qxb1 42. Qa6 Rc1 43. Qa8+ Kh7 44. g4 Qb2 45. Kg2 Nh4+ 46. Kg3 Rc3+ 47.
f3 Rxf3+ 48. Qxf3 Nxf3 49. Rxf7 Nxe5 50. Rf2 Qxa3+ 51. Kh4 Nf3+ 52. Kg3 Ng5+ 53. Kg2 Qxh3+ 54. Kg1 Nf3+ 55. Rxf3 Qxf3 56. g5 Qg4+ 57. Kh2 hxg5 58. Kh1 Kg6 59. Kh2 Kf5 60. Kh1 0-1

[Event "*** Titled Tuesday 3|2 Blitz"]
[Site "Chess.com"]
[Date "2016.06.07"]
[Round "5"]
[White "ShimanovAlex"]
[Black "Cruel_Yaro"]
[Result "1/2-1/2"]
[WhiteElo "2653"]
[BlackElo "2555"]
[TimeControl "180+2"]
[EndTime "12:02:56 PDT"]
[Termination "Game drawn - insufficient material"]

1. d4 Nf6 2. Nf3 c5 3. e3 d5 4. b3 Nc6 5. Bb2 Bg4 6. Nbd2 e6 7. Bb5 cxd4 8. exd4 Bd6 9. a3 O-O 10. O-O Ne4 11. Be2 f5 12. h3 Bh5 13. Ne1 Bxe2 14. Qxe2 Qf6 15. Ndf3 g5 16. Nd3 g4 17. hxg4 fxg4 18.
Nfe5 h5 19. Qe3 Bxe5 20. dxe5 Qg5 21. Qxg5+ Nxg5 22. Nc5 Rf7 23. Bc1 b6 24. Nd3 Ne4 25. Bb2 Raf8 26. Rad1 h4 27. a4 Kh7 28. Ba3 Rg8 29. Bb2 h3 30. Rfe1 Nxf2 31. Nxf2 h2+ 32.
Kh1 Rxf2 33. g3 Rxc2 34. Bc1 Rf8 35. Bf4 Ne7 36. Rc1 Rfc8 37. Ra1 Nf5 38. b4 Rf2 39. Rac1 Rfc2 40. Ra1 R8c4 41. Ra3 Rxb4 42. a5 bxa5 43. Rf1 a4 44. Rfa1 d4 45. Rxa4 Rxa4 46. Rxa4 Kg6 47. Rxa7 Ne3 48. Ra4 Rd2 49. Ra7 Kf5 50. Rf7+ Ke4 51.
Rf6 Rf2 52. Rxe6 d3 53. Rd6 d2 54. e6 Nf5 55. Rxd2 Rxd2 56. Bxd2 Nxg3+ 57. Kxh2 Nf5 58. Bb4 Ke5 59. e7 Nxe7 60. Bxe7 g3+ 61. Kxg3 1/2-1/2

[Event "*** Titled Tuesday 3|2 Blitz"]
[Site "Chess.com"]
[Date "2016.06.07"]
[Round "5"]
[White "yopino"]
[Black "kikydu96"]
[Result "1-0"]
[WhiteElo "2235"]
[BlackElo "2339"]
[TimeControl "180+2"]
[EndTime "12:02:57 PDT"]
[Termination "yopino won by resignation"]

1. e4 e5 2. Nf3 Nc6 3. d4 exd4 4. Nxd4 Nf6 5. Nxc6 bxc6 6. e5 Qe7 7. Qe2 Nd5 8. c4 Nb6 9. Nc3 g6 10. Ne4 Bg7 11.
Bg5 Qxe5 12. Bf6 O-O 13. Bxe5 Bxe5 14. O-O-O d5 15. cxd5 cxd5 16. Nc3 Bf4+ 17. Kb1 Bf5+ 18. Ka1 Rfe8 19. Qf3 Be5 20. Bb5 Red8 21. Rhe1 Bg7 22. Bc6 Rab8 23. g4 Be6 24. Re2 Nc4 25. b3 Ne5 26. Rxe5 Bxe5 27. h3 d4 28. Ne4 d3+ 29.
Kb1 Rb6 30. Nc5 Bc8 31. Nxd3 Bg7 32. Re1 Be6 33. Nc5 Rd6 34. Ba4 Rd2 35. Re2 Rd1+ 36.
Kc2 Ra1 37. Qa8+ Bf8 38. Kb2 Rd1 39. Nxe6 fxe6 40. Qe8 Rbd6 41. Rxe6 R6d2+ 42. Kc3 Rd3+ 43. Kc4 Rd4+ 44. Kb5 Rd5+ 45. Ka6 Rd8 46. Qc6 R1d6 47.
Rxd6 Rxd6 48. Qxd6 Bxd6 49. Kxa7 Kf7 50. Bc6 Ke7 51.
a4 Bc5+ 52. Kb7 Kd6 53. a5 Bxf2 54. a6 h5 55. gxh5 gxh5 56. Bf3 h4 57. a7 Bxa7 58. Kxa7 Kc5 59. Kb7 Kb4 60. Bd5 Kc5 61. Bc4 c6 62.
Kc7 Kb4 63. Kxc6 Ka5 64. Kd6 Kb4 65. Ke5 Kc5 66. Kf4 1-0

[Event "*** Titled Tuesday 3|2 Blitz"]
[Site "Chess.com"]
[Date "2016.06.07"]
[Round "5"]
[White "Blitzstream"]
[Black "Elshan1985"]
[Result "0-1"]
[WhiteElo "2512"]
[BlackElo "2606"]
[TimeControl "180+2"]
[EndTime "12:03:00 PDT"]
[Termination "Elshan1985 won by checkmate"]

1. d4 Nf6 2. Bg5 e6 3. e4 c5 4.
d5 Qb6 5. Bxf6 gxf6 6. Nd2 Qxb2 7. Ngf3 Bh6 8. Be2 Na6 9. O-O Qb6 10. Rb1 Qc7 11.
Bxa6 bxa6 12. Nc4 O-O 13. Qd3 a5 14. Qc3 Ba6 15. Rfd1 Rab8 16. Ne3 Bg7 17. Ng4 Qf4 18. h3 Be2 19. Re1 Rxb1 20. Rxb1 h5 21. Ngh2 Qxe4 22.
Re1 Qc4 23. Qxa5 Bxf3 24. Nxf3 Qxd5 25. Qxa7 Ra8 26. Qc7 f5 27. c4 Qxc4 28. Qxd7 Qxa2 29. Ng5 Qa7 30. Qc6 Rd8 31. Qf3 Qa5 32. Rf1 Qc3 33.
Qxh5 Qf6 34. Qh7+ Kf8 35. Qh5 Kg8 36. Qh7+ Kf8 37. Qh5 Ke7 38. Nh7 Qg6 39. Qh4+ Ke8 40. Re1 c4 41. Ng5 Bf6 42. f4 Rd4 43. Qf2 Rd7 44. h4 Bd4 45. Re3 Qf6 46. Nf3 Bxe3 47. Qxe3 c3 48. Ne5 Rc7 49. Qb6 Qd8 50. Qb4 c2 51. Qb5+ Kf8 52. Qb4+ Qe7 53. Qb8+ Kg7 54. h5 c1=Q+ 55. Kh2 Qxf4+ 56. g3 Qxe5 57. h6+ Kxh6 58. Qg8 Qh4+ 59. Kg2 Rc2+ 60. Kf3 Qee4# 0-1

[Event "*** Titled Tuesday 3|2 Blitz"]
[Site "Chess.com"]
[Date "2016.06.07"]
[Round "5"]
[White "sandropozo"]
[Black "PowerThinking2650"]
[Result "1/2-1/2"]
[WhiteElo "2431"]
[BlackElo "2219"]
[TimeControl "180+2"]
[EndTime "12:03:03 PDT"]
[Termination "Game drawn by repetition"]

1. d4 Nf6 2. Nf3 g6 3. c4 Bg7 4.
g3 O-O 5. Bg2 d6 6. O-O Nbd7 7.
Nc3 e5 8. e4 exd4 9. Nxd4 Re8 10.
Re1 a5 11. h3 Nc5 12. Bf4 Nfd7 13. Be3 Ne5 14. b3 a4 15. Qc2 Ned3 16. Red1 Nb4 17.
Qb2 Ncd3 18. Qd2 c5 19. Ndb5 axb3 20. axb3 Rxa1 21. Rxa1 Bd7 22. Rd1 Bc6 23. Nd5 Nxd5 24. exd5 Bxb5 25. Qxd3 Bd7 26. Bf4 Bf5 27. Qd2 h5 28.
Re1 Rxe1+ 29. Qxe1 Bd4 30. Kh2 Kg7 31. Qd2 Qe7 32.
Bh6+ Kg8 33. Qa2 Kh7 34. Bf4 g5 35. Bc1 Qe1 36. Qd2 Qxd2 37. Bxd2 Kg6 38. f4 g4 39.
hxg4 hxg4 40. Bf1 Bc2 41. b4 Kf5 42. bxc5 Bxc5 43. Be2 b6 44. Bc3 Be4 45. Bb2 Bb4 46. Bd4 Bc5 47. Bc3 Bc2 48. Kg2 Be4+ 49. Kf1 Bc2 50. Ke1 Be4 51. Kf1 Bc2 52. Bb2 Be4 53.
Bc3 Bc2 54. Kg2 Be4+ 55. Kf1 Bc2 56. Ke1 Be4 57. Kf1 1/2-1/2

[Event "*** Titled Tuesday 3|2 Blitz"]
[Site "Chess.com"]
[Date "2016.06.07"]
[Round "5"]
[White "Mvpag"]
[Black "Ksenia_Legenko"]
[Result "0-1"]
[WhiteElo "2113"]
[BlackElo "2021"]
[TimeControl "180+2"]
[EndTime "12:03:05 PDT"]
[Termination "Ksenia_Legenko won by resignation"]

1. d4 d5 2. Nf3 Nf6 3. e3 e6 4. Bd3 c5 5. b3 Nc6 6. Bb2 Bd6 7.
O-O O-O 8. Nbd2 b6 9. a3 Bb7 10. Ne5 Rc8 11. f4 Ne7 12. g4 Ne4 13. Bxe4 dxe4 14.
Ndc4 b5 15. Nxd6 Qxd6 16. dxc5 Qxc5 17. Qd4 Qxd4 18. Bxd4 Rxc2 19. Bxa7 f6 20. Nd7 Rd8 21.
Rad1 Nd5 22. Nc5 Ra8 23. Bb6 Bc8 24. Nxe4 Nxb6 25. Rd8+ Kf7 26. Rfd1 Nd5 27. Rxc8 Raxc8 28. Nd6+ Ke7 29. Nxc8+ Rxc8 30. a4 bxa4 31. bxa4 Nxe3 32. Ra1 Ra8 33. a5 Nc4 34. a6 Ra7 35. Kf2 Nb6 36. Ke3 Nd5+ 37. Ke4 Nc7 38. h4 Rxa6 39. Rc1 Ra4+ 40.
Kf3 Nd5 41. f5 exf5 42. gxf5 Rxh4 43. Re1+ Kf7 44. Rd1 Rf4+ 45. Kg3 Rxf5 46. Kg4 Re5 47. Ra1 h5+ 48. Kf3 g5 49. Ra7+ Kg6 50. Kg3 Re3+ 51.
Kf2 Rb3 52. Rd7 Nf4 53. Kf1 Rb2 54. Kg1 h4 55. Kh1 g4 56. Kg1 h3 57. Rd4 Kg5 58.
Rc4 g3 59. Rc5+ f5 60. Rc1 Ne2+ 61. Kh1 Nxc1 62. Kg1 Nb3 0-1